Map: Blackburn LE

Players

Scarlett - Winner!

  • Race: Zerg Zerg

Vindicta

  • Race: Terran Terran

Event: DreamHack SC2 Masters 2021 Fall

VOD

Have the link to the VOD?

Description

Time

  • Played on: Aug. 6, 2021, 3:18 p.m.
  • Length: 7:43

All games in this series

Show
View Real Time Build Order
Export as new Build Order

Scarlett Zerg - Winner!

Build Orders: Hatch First, Ravager All-In 

Get SALT Encoding   

  12  0:00  Drone  
  13  0:12  Overlord  
  13  0:17  Drone  
  14  0:30  Drone x2  
  16  0:47  Hatchery  
  15  0:51  Drone  
  15  0:54  Drone  
  17  0:58  Drone  
  18  1:07  Extractor  
  17  1:12  Spawning Pool  
  17  1:16  Drone  
  17  1:19  Drone  
  18  1:28  Drone  
  19  1:44  Drone  
  20  1:54  Drone  
  20  2:00  Queen  
  20  2:01  Queen  
  25  2:04  Zergling x4  
  25  2:05  Spine Crawler  
  26  2:14  Roach Warren  
  25  2:16  Drone  
  25  2:18  Drone  
  27  2:22  Extractor  
  27  2:26  Overlord  
  26  2:33  Drone  
  26  2:35  Drone  
  28  2:49  Overlord  
  28  2:54  Overlord  
  28  2:56  Roach x2  
  32  3:02  Roach  
  34  3:09  Roach  
  36  3:13  Roach  
  38  3:21  Ravager x3  
  38  3:26  Drone x3  
  44  3:35  Overlord  
  45  3:41  Ravager  
  45  3:44  Drone, Overlord  
  45  3:47  Ravager  
  46  3:58  Drone x3  
  48  4:07  Drone  
  48  4:08  Drone x3  
  53  4:20  Drone x3  
Show
View Real Time Build Order
Export as new Build Order

Vindicta Terran 

Build Orders:  

Get SALT Encoding   

  12  0:00  SCV  
  13  0:12  SCV  
  14  0:19  Supply Depot  
  14  0:20  Supply Depot  
  14  0:24  SCV  
  15  0:43  Barracks  
  15  0:50  Barracks  
  15  0:54  SCV  
  16  1:00  Refinery  
  16  1:06  SCV  
  17  1:19  SCV  
  18  1:30  Marine  
  18  1:31  SCV  
  20  1:33  Bunker  
  20  1:45  Orbital Command  
  21  1:48  Marine  
  21  2:03  Supply Depot  
  21  2:06  Marine  
  22  2:12  SCV  
  23  2:18  Bunker  
  23  2:25  Marine, SCV  
  23  2:27  Factory  
  25  2:37  SCV  
  26  2:44  Barracks Reactor  
  26  2:50  Command Center  
  25  2:57  SCV  
  26  3:09  SCV  
  26  3:10  Command Center  
  26  3:11  Hellion  
  28  3:20  Marine x2  
  28  3:25  Barracks  
  28  3:26  SCV, Barracks  
  31  3:34  Supply Depot  
  31  3:46  Factory Tech Lab  
  31  3:53  SCV  
  31  3:54  Bunker  
  31  3:55  Marine  
  31  4:05  SCV  
  31  4:07  Marine  
  27  4:12  Cyclone  
  27  4:15  Marine  
  28  4:17  Marine, SCV  
  27  4:29  SCV  
  27  4:42  SCV  

Tags
 
Add a new tag
Caveats
  • Supply blocks, unpowered buildings, or Contaminate may cause inaccurate times.
  • Supply counts are checked every 10 seconds.